Map: Ascension to Aiur LE

Players

Yata - Winner!

  • Race: Zerg Zerg
  • League: Bronze
  • Spawn Location: 11:00

A.I. 1 (Harder)

  • Race: Terran Terran
  • Spawn Location: 5:00

VOD

Have the link to the VOD?

Description

Time

  • Played on: July 20, 2017, 3:13 p.m.
  • Length: 16:09
Show
View Real Time Build Order
Export as new Build Order

Yata Zerg - Winner!

Build Orders: Hatch First 

Get SALT Encoding   

  12  0:01  Drone  
  13  0:13  Overlord  
  13  0:19  Drone  
  14  0:31  Drone  
  14  0:33  Drone  
  16  0:36  Drone  
  17  1:02  Hatchery  
  16  1:09  Drone x3  
  19  1:23  Extractor  
  18  1:28  Spawning Pool  
  18  1:31  Drone x2  
  19  1:43  Overlord  
  19  1:55  Drone  
  20  2:13  Drone  
  21  2:17  Queen x2  
  21  2:22  Zergling x4  
  27  2:23  Metabolic Boost  
  27  2:38  Evolution Chamber  
  27  2:40  Roach Warren  
  25  2:48  Drone x5  
  25  2:49  Drone  
  31  2:59  Overlord  
  31  3:03  Overlord  
  31  3:34  Drone x3  
  31  3:35  Drone x7  
  41  3:51  Hatchery  
  40  3:56  Drone x4  
  42  4:10  Overlord x2  
  42  4:31  Roach x2  
  46  4:39  Extractor  
  45  4:47  Extractor  
  45  4:51  Extractor, Queen  
  45  5:04  Zerg Missile Weapons Level 1  
  45  5:17  Roach x2  
  49  5:25  Drone x12  
  49  5:26  Drone x4  
  65  5:38  Lair  
  65  5:54  Overlord  
  65  5:55  Overlord x3  
  65  6:15  Roach x5  
  65  6:16  Roach x6  
  87  6:25  Spore Crawler  
  86  6:27  Spore Crawler  
  86  6:28  Spore Crawler  
  86  6:32  Spore Crawler  
  83  6:51  Overlord x3  
  83  7:09  Queen  
  85  7:20  Glial Reconstitution  
  85  7:21  Zerg Missile Weapons Level 2  
  85  7:28  Roach x5  
  95  8:05  Hatchery  
  94  8:15  Hatchery  
  93  8:22  Hydralisk Den  
  92  8:33  Infestation Pit  
  91  8:38  Spire  
  90  8:43  Ravager x6  
  90  8:44  Ravager x2  
  90  8:45  Overlord x3  
  90  8:46  Overlord  
  98  9:01  Overlord  
  98  9:02  Overlord x2  
  98  9:46  Hive  
  98  9:51  Mutalisk  
  98  9:52  Mutalisk x8  
  116  10:07  Zerg Flyer Weapons Level 1  
  71  10:56  Mutalisk  
  71  10:57  Mutalisk x5  
  75  11:45  Mutalisk x5  
  73  12:10  Mutalisk x3  
  79  12:27  Zergling x2  
  79  12:28  Zergling x58  
  79  12:29  Zergling x12  
  115  12:38  Mutalisk x2  
  119  12:52  Mutalisk x3  
  125  13:05  Queen  
  125  13:06  Pneumatized Carapace  
  127  13:14  Greater Spire  
  127  13:17  Extractor  
  126  13:45  Zergling x2  
  126  13:46  Zergling x44  
  126  13:47  Zergling x8  
  118  14:17  Zergling x2  
  118  14:18  Zergling x20  
  124  14:32  Mutalisk x8  
  133  15:18  Zergling x16  
  133  15:19  Zergling x14  
Show
View Real Time Build Order
Export as new Build Order

A.I. 1 (Harder) Terran 

Build Orders: MMM Bio 

Get SALT Encoding   

  12  0:00  SCV  
  13  0:13  SCV  
  14  0:19  Supply Depot  
  14  0:25  SCV  
  15  0:41  SCV  
  15  0:42  Barracks  
  16  0:49  Refinery  
  16  0:53  SCV  
  17  1:05  SCV  
  18  1:17  SCV  
  19  1:22  Supply Depot  
  19  1:29  SCV, Marine  
  21  1:41  Barracks  
  21  1:42  Orbital Command  
  21  1:47  Marine  
  21  1:49  Refinery  
  22  2:05  Barracks Tech Lab  
  22  2:07  Supply Depot  
  22  2:23  Marine  
  23  2:32  Marine  
  23  2:33  Factory  
  24  2:41  Marauder  
  26  2:49  Marine  
  26  2:50  Supply Depot  
  27  3:02  Marine  
  28  3:07  Marine  
  29  3:20  Marauder  
  29  3:25  Marine  
  29  3:26  Starport  
  32  3:36  SCV  
  33  3:42  Marauder  
  33  3:45  Supply Depot  
  35  3:49  SCV  
  36  4:01  SCV, Engineering Bay  
  37  4:03  Marauder  
  37  4:04  Starport Tech Lab  
  39  4:13  SCV  
  40  4:24  Banshee  
  40  4:25  SCV  
  44  4:37  SCV  
  45  5:07  Banshee  
  48  5:54  Widow Mine, Barracks Tech Lab  
  48  5:55  Terran Infantry Weapons Level 1, Stimpack  
  50  5:58  Factory  
  50  6:01  Marine  
  50  6:02  Command Center, Starport  
  50  6:03  Supply Depot  
  51  6:04  Missile Turret  
  51  6:12  Concussive Shells, Marine  
  52  6:24  Marine  
  53  6:25  Supply Depot, Factory Tech Lab  
  53  6:30  Marine  
  54  6:33  Missile Turret  
  54  6:38  Starport Tech Lab  
  54  6:42  Factory Tech Lab  
  54  6:44  Siege Tank  
  57  6:54  Bunker  
  57  6:55  Combat Shields  
  57  7:00  Siege Tank  
  60  7:09  Barracks  
  60  7:10  Supply Depot  
  60  7:14  SCV x2  
  62  7:16  Widow Mine  
  62  7:20  Refinery  
  64  7:24  Missile Turret  
  64  7:26  SCV, Missile Turret  
  64  7:27  SCV  
  64  7:29  Refinery  
  66  7:33  Siege Tank  
  69  7:38  SCV  
  69  7:39  SCV  
  71  7:44  Raven  
  71  7:49  Bunker  
  71  7:50  Terran Infantry Armor Level 1, SCV  
  71  7:51  SCV  
  75  8:02  SCV  
  75  8:03  SCV  
  75  8:05  Raven  
  79  8:15  SCV x2  
  79  8:18  Sensor Tower  
  82  8:27  SCV  
  82  8:28  Armory, SCV  
  82  8:29  Barracks Reactor  
  83  8:35  Supply Depot  
  83  8:39  SCV  
  83  8:40  SCV  
  85  8:51  SCV  
  86  10:09  Viking, Medivac  
  86  10:13  Factory  
  88  10:15  Cyclone  
  88  10:20  Marine  
  88  10:21  Supply Depot  
  70  10:26  Marine  
  66  10:29  Starport  
  66  10:32  Marine  
  67  10:38  Marine  
  67  10:39  Medivac x2  
  67  10:43  Marine  
  67  10:46  Command Center  
  67  10:49  Marine  
  59  10:55  Marine  
  59  10:56  Factory Tech Lab  
  56  11:01  Marine  
  49  11:05  Starport Reactor  
  49  11:07  Siege Tank  
  49  11:08  Raven  
  49  11:09  Raven  
  55  11:12  Marine  
  55  11:18  Marine  
  53  11:24  Marine  
  52  11:29  Marine  
  49  11:35  Marine  
  49  11:41  Medivac x2, Marine  
  52  11:47  Marine  
  52  11:51  Raven  
  52  11:52  Medivac  
  52  11:53  Marine  
  55  11:58  Marine  
  54  12:04  Marine  
  54  12:08  Refinery  
  55  12:10  Refinery, Marine  
  56  12:16  Siege Tank  
  56  12:22  Banshee  
  62  12:27  Viking  
  62  12:29  SCV  
  65  12:31  SCV  
  65  12:33  Viking, SCV  
  65  12:34  Raven  
  71  12:39  Siege Tank  
  71  12:41  SCV  
  71  12:43  SCV  
  76  12:45  Siege Tank  
  76  12:46  SCV  
  79  12:52  Cyclone  
  79  12:53  SCV  
  79  12:56  SCV  
  79  12:58  SCV  
  85  13:05  SCV  
  86  13:08  SCV  
  86  13:10  SCV  
  86  13:11  Viking, Thor  
  96  13:17  Viking, SCV  
  99  13:20  SCV  
  99  13:22  Banshee, SCV  
  99  13:24  Command Center  
  102  13:29  SCV  
  102  13:32  Raven  
  98  13:40  SCV  
  98  13:41  Viking  
  99  13:42  SCV  
  99  13:43  SCV  
  99  13:47  Viking  
  105  13:52  SCV  
  105  13:53  Marauder  
  110  13:55  Supply Depot, Marauder  
  110  14:02  Widow Mine  
  97  14:05  Banshee, Marine  
  97  14:07  Marine  
  91  14:14  Marine  
  91  14:16  Marine  
  81  14:22  Marine  
  77  14:24  Viking  
  77  14:25  Marine  
  77  14:30  Viking  
  74  14:32  Marine  
  74  14:35  Viking, Marauder  
  65  14:40  Marine  
  59  14:48  Viking  
  59  14:49  Marine, Hellion  
  59  14:50  Marauder  
  53  14:56  Marauder  
  42  15:07  Hellion  
  37  15:21  Viking  
  29  15:32  Viking  
  28  15:40  Barracks  
Tags
 
Composition
MMM Bio
League
Bronze
Matchup
TvZ
Replay Pack
Pack 1
Spawn Locations
Cross Positions
Add a new tag
Caveats
  • Supply blocks, unpowered buildings, or Contaminate may cause inaccurate times.
  • Supply counts are checked every 10 seconds.